BlueJackets vs Avalanche

Created - February 3 2008 at 11:31

Goals
1 2 3 T
BlueJackets 0 1 3 4
Avalanche 1 0 1 2
Shots
1 2 3 T
BlueJackets 10 9 13 32
Avalanche 6 11 9 26

Period #1

1. Avalanche , Martin Rucinsky 9 (Patrick Sharp, Gary Roberts) at 18:14

Penalties :
Mark Recchi (COL) for Slashing (Minor) at 4:08, Gary Roberts (COL) for Hooking (Minor) at 7:02, Mark Recchi (COL) for Holding (Minor) at 10:41, Mike Grier (CBJ) for Interference (Minor) at 19:52

Period #2

2. BlueJackets , Teemu Selanne 27 (Vyacheslav Kozlov) at 8:24

Penalties :
Gary Roberts (COL) for Holding (Minor) at 5:56, Craig Conroy (COL) for Tripping (Minor) at 9:10, Joni Pitkanen (COL) for Interference (Minor) at 13:22, Jason Smith (CBJ) for Holding Stick (Minor) at 17:19

Period #3

3. BlueJackets , Christian Ehrhoff 5 (Teemu Selanne, Vyacheslav Kozlov) at 1:49 (PP)
4. BlueJackets , Fredrik Modin 17 (Steve Rucchin) at 6:19
5. BlueJackets , Vyacheslav Kozlov 17 (Teemu Selanne, Christian Ehrhoff) at 11:50
6. Avalanche , Gary Roberts 14 (Karlis Skrastins) at 16:37

Penalties :
Randy Jones (COL) for Tripping (Minor) at 0:53, Joni Pitkanen (COL) for Tripping (Minor) at 8:36, Randy Jones (COL) for Slashing (Minor) at 11:19, Anze Kopitar (CBJ) for Tripping (Minor) at 11:19, Erik Christensen (CBJ) for Holding Stick (Minor) at 19:34

Goalie Stats

Niklas Backstrom (CBJ), 24 saves from 26 shots - (0.923), W, 21-21-4, 60:00 minutes
Mike Smith (COL), 28 saves from 32 shots - (0.875), L, 15-20-7, 60:00 minutes

Players Stats

BlueJackets
Player Name              G  A  P  +/- PIM S  H  SB FO MP 
-----------------------------------------------------------
Alain Nasreddine         0  0  0   1  0   0  1  1  0  16 
Alexander Svitov         0  0  0   0  0   1  2  0  9  11 
Anze Kopitar             0  0  0   0  2   4  2  0  19 20 
Brent Burns              0  0  0   0  0   0  1  1  0  22 
Christian Ehrhoff        1  1  2   0  0   1  2  0  0  24 
Dan Fritsche             0  0  0   0  0   1  0  0  1  6  
Dan Girardi              0  0  0   1  0   1  1  1  0  17 
Erik Christensen         0  0  0   0  2   1  0  0  1  13 
Fredrik Modin            1  0  1   1  0   5  2  0  7  23 
Jason Chimera            0  0  0   0  0   2  0  0  0  9  
Jason Smith              0  0  0   0  2   0  2  1  0  23 
Martin St. Louis         0  0  0   0  0   4  0  1  10 23 
Mike Grier               0  0  0   1  2   2  1  0  1  16 
Nick Schultz             0  0  0   0  0   0  0  3  0  22 
Patrick Marleau          0  0  0  -1  0   1  0  0  11 11 
Steve Rucchin            0  1  1   1  0   0  1  0  12 16 
Teemu Selanne            1  2  3   0  0   4  0  0  9  21 
Vyacheslav Kozlov        1  2  3   0  0   5  1  0  5  20 
Avalanche
Player Name              G  A  P  +/- PIM S  H  SB FO MP 
-----------------------------------------------------------
Bill Thomas              0  0  0   0  0   0  0  0  1  6  
Brandon Bochenski        0  0  0  -1  0   2  1  0  1  11 
Brett Mclean             0  0  0   0  0   0  0  0  20 13 
Craig Conroy             0  0  0  -1  2   0  1  1  14 11 
Gary Roberts             1  1  2   1  4   3  2  0  1  16 
Joni Pitkanen            0  0  0  -1  4   1  1  0  0  19 
Karlis Skrastins         0  1  1   1  0   0  2  2  0  20 
Keith Ballard            0  0  0  -1  0   3  1  2  0  24 
Kevin Klein              0  0  0   0  0   1  2  1  0  18 
Kurt Sauer               0  0  0   0  0   0  0  4  0  19 
Mark Recchi              0  0  0   0  4   2  0  0  3  14 
Martin Rucinsky          1  0  1   1  0   3  0  1  0  15 
Martin Straka            0  0  0  -1  0   4  2  0  2  17 
Mike Modano              0  0  0   0  0   0  1  0  22 21 
Patrick Sharp            0  1  1   0  0   3  0  0  20 24 
Randy Jones              0  0  0  -1  4   1  0  1  0  23 
Sergei Brylin            0  0  0   0  0   1  0  0  0  13 
Wojtek Wolski            0  0  0  -1  0   2  1  0  1  14 

3 Stars

1 - Vyacheslav Kozlov (CBJ)
2 - Teemu Selanne (CBJ)
3 - Gary Roberts (COL)

Power Play

BlueJackets - 1 on 8 Attempt(s) - 12.50%
Avalanche - 0 on 3 Attempt(s) - 0.00%

Penalty Kill

BlueJackets - 3 on 3 Attempt(s) - 100.00% - Score 0 goal in Penalty Kill
Avalanche - 7 on 8 Attempt(s) - 87.50% - Score 0 goal in Penalty Kill

Game Notes

Patrick Marleau is injured at 8:14 of 2nd period (Sprained Right Knee)

Finance

Level 1 -- Attendance: 4643 (77.38%) -- Ticket Income $417,870.00
Level 2 -- Attendance: 2925 (58.50%) -- Ticket Income $175,500.00
Level 3 -- Attendance: 1065 (53.06%) -- Ticket Income $37,275.00
Level 4 -- Attendance: 1969 (49.23%) -- Ticket Income $49,225.00
Luxury Box -- Attendance: 565 (56.50%) -- Ticket Income $113,000.00
Game was played at the Pepsi Center
Total Attendance: 11167 (62.01%)
Total Ticket Income: $858,231.10
Other Income: $126,482.10
Total Income: $984,713.00


Play by Play

Period #1

0:01 of 1st period - Teemu Selanne wins face-off versus Mike Modano in neutral zone.
0:04 of 1st period - Shot by Patrick Marleau.
0:04 of 1st period - Shot Misses the Net.
0:06 of 1st period - Shot by Vyacheslav Kozlov.
0:06 of 1st period - Stopped by Mike Smith without a rebound.
0:07 of 1st period - Anze Kopitar wins face-off versus Craig Conroy in Avalanche zone.
0:30 of 1st period - Shot by Anze Kopitar.
0:30 of 1st period - Shot Blocked by Craig Conroy.
0:38 of 1st period - Shot by Keith Ballard.
0:38 of 1st period - Stopped by Niklas Backstrom without a rebound.
0:39 of 1st period - Patrick Marleau wins face-off versus Mike Modano in BlueJackets zone.
0:39 of 1st period - Patrick Marleau is hit by Martin Straka.
1:06 of 1st period - Icing by Patrick Marleau.
1:07 of 1st period - Patrick Sharp wins face-off versus Teemu Selanne in BlueJackets zone.
1:23 of 1st period - Shot by Patrick Marleau.
1:23 of 1st period - Deflect By Teemu Selanne.
1:23 of 1st period - Shot Misses the Net.
1:41 of 1st period - Icing by Teemu Selanne.
1:42 of 1st period - Craig Conroy wins face-off versus Patrick Marleau in BlueJackets zone.
1:45 of 1st period - Shot by Randy Jones.
1:45 of 1st period - Stopped by Niklas Backstrom without a rebound.
1:46 of 1st period - Anze Kopitar wins face-off versus Brett Mclean in BlueJackets zone.
1:51 of 1st period - Shot by Keith Ballard.
1:51 of 1st period - Stopped by Niklas Backstrom without a rebound.
1:52 of 1st period - Fredrik Modin wins face-off versus Mike Modano in BlueJackets zone.
2:22 of 1st period - Alain Nasreddine is hit by Kevin Klein and loses puck.
3:33 of 1st period - Shot by Erik Christensen.
3:33 of 1st period - Shot Blocked by Keith Ballard.
3:39 of 1st period - Brent Burns is hit by Craig Conroy and loses puck.
3:47 of 1st period - Icing by Nick Schultz.
3:48 of 1st period - Anze Kopitar wins face-off versus Patrick Sharp in BlueJackets zone.
4:02 of 1st period - Off-side.
4:03 of 1st period - Mike Modano wins face-off versus Vyacheslav Kozlov in neutral zone.
4:08 of 1st period - Minor Penalty to Mark Recchi for Slashing.
4:09 of 1st period - Patrick Marleau wins face-off versus Brett Mclean in neutral zone.
7:02 of 1st period - Minor Penalty to Gary Roberts for Hooking.
7:03 of 1st period - Martin Straka wins face-off versus Patrick Marleau in BlueJackets zone.
7:10 of 1st period - Shot by Teemu Selanne.
7:10 of 1st period - Shot Misses the Net.
7:12 of 1st period - Shot by Vyacheslav Kozlov.
7:12 of 1st period - Stopped by Mike Smith with a rebound.
7:14 of 1st period - Shot by Teemu Selanne.
7:14 of 1st period - Stopped by Mike Smith without a rebound.
7:15 of 1st period - Brett Mclean wins face-off versus Anze Kopitar in Avalanche zone.
10:11 of 1st period - Patrick Sharp is hit by Brent Burns and loses puck.
10:22 of 1st period - Shot by Patrick Sharp.
10:22 of 1st period - Stopped by Niklas Backstrom without a rebound.
10:23 of 1st period - Mike Modano wins face-off versus Alexander Svitov in BlueJackets zone.
10:41 of 1st period - Minor Penalty to Mark Recchi for Holding.
10:42 of 1st period - Mike Modano wins face-off versus Patrick Marleau in BlueJackets zone.
11:01 of 1st period - Shot by Keith Ballard.
11:01 of 1st period - Shot Blocked by Jason Smith.
11:35 of 1st period - Shot by Anze Kopitar.
11:35 of 1st period - Shot Blocked by Kevin Klein.
11:49 of 1st period - Shot by Martin St. Louis.
11:49 of 1st period - Stopped by Mike Smith without a rebound.
11:50 of 1st period - Vyacheslav Kozlov wins face-off versus Mike Modano in Avalanche zone.
12:00 of 1st period - Shot by Patrick Marleau.
12:00 of 1st period - Stopped by Mike Smith with a rebound.
12:02 of 1st period - Shot by Dan Girardi.
12:02 of 1st period - Shot Misses the Net.
12:04 of 1st period - Shot by Dan Girardi.
12:04 of 1st period - Stopped by Mike Smith without a rebound.
12:05 of 1st period - Anze Kopitar wins face-off versus Brett Mclean in Avalanche zone.
12:05 of 1st period - Anze Kopitar is hit by Karlis Skrastins.
12:11 of 1st period - Shot by Jason Chimera.
12:11 of 1st period - Deflect By Martin St. Louis.
12:11 of 1st period - Stopped by Mike Smith with a rebound.
13:44 of 1st period - Shot by Patrick Marleau.
13:44 of 1st period - Shot Misses the Net.
13:52 of 1st period - Shot by Teemu Selanne.
13:52 of 1st period - Stopped by Mike Smith without a rebound.
13:53 of 1st period - Anze Kopitar wins face-off versus Craig Conroy in Avalanche zone.
14:14 of 1st period - Shot by Martin St. Louis.
14:14 of 1st period - Shot Misses the Net.
16:00 of 1st period - Sergei Brylin is hit by Alain Nasreddine and loses puck.
16:20 of 1st period - Icing by Gary Roberts.
16:21 of 1st period - Martin St. Louis wins face-off versus Patrick Sharp in Avalanche zone.
16:22 of 1st period - Shot by Anze Kopitar.
16:22 of 1st period - Shot Misses the Net.
16:30 of 1st period - Shot by Patrick Sharp.
16:30 of 1st period - Shot Misses the Net.
16:32 of 1st period - Shot by Patrick Sharp.
16:32 of 1st period - Stopped by Niklas Backstrom without a rebound.
16:33 of 1st period - Patrick Marleau wins face-off versus Craig Conroy in BlueJackets zone.
17:22 of 1st period - Martin Straka is hit by Christian Ehrhoff and loses puck.
17:42 of 1st period - Icing by Jason Smith.
17:43 of 1st period - Patrick Sharp wins face-off versus Patrick Marleau in BlueJackets zone.
18:01 of 1st period - Martin Rucinsky is hit by Christian Ehrhoff and loses puck.
18:14 of 1st period - Shot by Martin Rucinsky.
18:14 of 1st period - Goal by Martin Rucinsky - BlueJackets : 0 - Avalanche : 1.
18:15 of 1st period - Bill Thomas wins face-off versus Anze Kopitar in neutral zone.
18:28 of 1st period - Shot by Martin St. Louis.
18:28 of 1st period - Shot Misses the Net.
18:30 of 1st period - Shot by Martin St. Louis.
18:30 of 1st period - Deflect By Anze Kopitar.
18:30 of 1st period - Stopped by Mike Smith without a rebound.
18:31 of 1st period - Steve Rucchin wins face-off versus Martin Straka in Avalanche zone.
18:54 of 1st period - Shot by Fredrik Modin.
18:54 of 1st period - Stopped by Mike Smith without a rebound.
18:55 of 1st period - Craig Conroy wins face-off versus Anze Kopitar in Avalanche zone.
19:26 of 1st period - Off-side.
19:27 of 1st period - Fredrik Modin wins face-off versus Patrick Sharp in neutral zone.
19:41 of 1st period - Shot by Dan Girardi.
19:41 of 1st period - Shot Blocked by Martin Rucinsky.
19:52 of 1st period - Minor Penalty to Mike Grier for Interference.
19:53 of 1st period - Patrick Sharp wins face-off versus Vyacheslav Kozlov in Avalanche zone.

Period #2

0:01 of 2nd period - Patrick Sharp wins face-off versus Teemu Selanne in neutral zone.
2:12 of 2nd period - Shot by Fredrik Modin.
2:12 of 2nd period - Shot Misses the Net.
2:14 of 2nd period - Shot by Fredrik Modin.
2:14 of 2nd period - Stopped by Mike Smith without a rebound.
2:15 of 2nd period - Anze Kopitar wins face-off versus Patrick Sharp in Avalanche zone.
2:18 of 2nd period - Shot by Martin St. Louis.
2:18 of 2nd period - Shot Misses the Net.
3:00 of 2nd period - Shot by Martin Straka.
3:00 of 2nd period - Stopped by Niklas Backstrom with a rebound.
3:02 of 2nd period - Shot by Mark Recchi.
3:02 of 2nd period - Stopped by Niklas Backstrom without a rebound.
3:03 of 2nd period - Craig Conroy wins face-off versus Steve Rucchin in BlueJackets zone.
3:39 of 2nd period - Shot by Fredrik Modin.
3:39 of 2nd period - Deflect By Mike Grier.
3:39 of 2nd period - Stopped by Mike Smith without a rebound.
3:40 of 2nd period - Patrick Marleau wins face-off versus Mike Modano in Avalanche zone.
4:04 of 2nd period - Shot by Martin Straka.
4:04 of 2nd period - Stopped by Niklas Backstrom with a rebound.
4:52 of 2nd period - Shot by Patrick Sharp.
4:52 of 2nd period - Deflect By Martin Rucinsky.
4:52 of 2nd period - Stopped by Niklas Backstrom without a rebound.
4:53 of 2nd period - Craig Conroy wins face-off versus Steve Rucchin in BlueJackets zone.
4:56 of 2nd period - Shot by Wojtek Wolski.
4:56 of 2nd period - Stopped by Niklas Backstrom without a rebound.
4:57 of 2nd period - Mike Grier wins face-off versus Patrick Sharp in BlueJackets zone.
5:12 of 2nd period - Shot by Martin Rucinsky.
5:12 of 2nd period - Shot Blocked by Alain Nasreddine.
5:14 of 2nd period - Shot by Martin Rucinsky.
5:14 of 2nd period - Shot Misses the Net.
5:16 of 2nd period - Shot by Martin Rucinsky.
5:16 of 2nd period - Shot Misses the Net.
5:20 of 2nd period - Shot by Gary Roberts.
5:20 of 2nd period - Stopped by Niklas Backstrom without a rebound.
5:21 of 2nd period - Anze Kopitar wins face-off versus Craig Conroy in BlueJackets zone.
5:44 of 2nd period - Shot by Brandon Bochenski.
5:44 of 2nd period - Shot Misses the Net.
5:47 of 2nd period - Icing by Brent Burns.
5:48 of 2nd period - Patrick Sharp wins face-off versus Martin St. Louis in BlueJackets zone.
5:56 of 2nd period - Minor Penalty to Gary Roberts for Holding.
5:57 of 2nd period - Brett Mclean wins face-off versus Patrick Marleau in BlueJackets zone.
6:07 of 2nd period - Icing by Teemu Selanne.
6:08 of 2nd period - Brett Mclean wins face-off versus Patrick Marleau in BlueJackets zone.
6:31 of 2nd period - Shot by Patrick Marleau.
6:31 of 2nd period - Shot Misses the Net.
6:35 of 2nd period - Shot by Patrick Marleau.
6:35 of 2nd period - Shot Misses the Net.
6:37 of 2nd period - Shot by Jason Smith.
6:37 of 2nd period - Shot Misses the Net.
6:39 of 2nd period - Shot by Teemu Selanne.
6:39 of 2nd period - Stopped by Mike Smith without a rebound.
6:40 of 2nd period - Anze Kopitar wins face-off versus Mike Modano in Avalanche zone.
8:12 of 2nd period - Icing by Mark Recchi.
8:13 of 2nd period - Patrick Marleau wins face-off versus Mark Recchi in Avalanche zone.
8:13 of 2nd period - Patrick Marleau is hit by Kevin Klein.
8:14 of 2nd period - Patrick Marleau from BlueJackets is injured at 8:14 of 2nd period (Sprained Right Knee).
8:15 of 2nd period - Alexander Svitov wins face-off versus Brandon Bochenski in Avalanche zone.
8:24 of 2nd period - Shot by Teemu Selanne.
8:24 of 2nd period - Goal by Teemu Selanne - BlueJackets : 1 - Avalanche : 1.
8:25 of 2nd period - Gary Roberts wins face-off versus Fredrik Modin in neutral zone.
9:10 of 2nd period - Minor Penalty to Craig Conroy for Tripping.
9:11 of 2nd period - Martin St. Louis wins face-off versus Mike Modano in neutral zone.
9:13 of 2nd period - Off-side.
9:14 of 2nd period - Martin St. Louis wins face-off versus Mike Modano in neutral zone.
9:31 of 2nd period - Shot by Sergei Brylin.
9:31 of 2nd period - Stopped by Niklas Backstrom without a rebound.
9:32 of 2nd period - Alexander Svitov wins face-off versus Mike Modano in BlueJackets zone.
11:18 of 2nd period - Shot by Mike Grier.
11:18 of 2nd period - Stopped by Mike Smith with a rebound.
11:30 of 2nd period - Shot by Jason Chimera.
11:30 of 2nd period - Shot Misses the Net.
11:34 of 2nd period - Shot by Jason Chimera.
11:34 of 2nd period - Shot Misses the Net.
11:36 of 2nd period - Shot by Mike Grier.
11:36 of 2nd period - Shot Blocked by Karlis Skrastins.
11:44 of 2nd period - Shot by Jason Chimera.
11:44 of 2nd period - Shot Blocked by Kurt Sauer.
11:46 of 2nd period - Shot by Jason Chimera.
11:46 of 2nd period - Shot Blocked by Karlis Skrastins.
12:28 of 2nd period - Shot by Mark Recchi.
12:28 of 2nd period - Shot Blocked by Nick Schultz.
12:30 of 2nd period - Shot by Martin Straka.
12:30 of 2nd period - Shot Misses the Net.
12:34 of 2nd period - Shot by Mark Recchi.
12:34 of 2nd period - Shot Misses the Net.
12:36 of 2nd period - Shot by Joni Pitkanen.
12:36 of 2nd period - Shot Misses the Net.
12:40 of 2nd period - Shot by Mike Modano.
12:40 of 2nd period - Shot Blocked by Brent Burns.
12:44 of 2nd period - Shot by Mike Modano.
12:44 of 2nd period - Shot Misses the Net.
12:46 of 2nd period - Shot by Joni Pitkanen.
12:46 of 2nd period - Stopped by Niklas Backstrom without a rebound.
12:47 of 2nd period - Alexander Svitov wins face-off versus Craig Conroy in BlueJackets zone.
12:55 of 2nd period - Shot by Dan Fritsche.
12:55 of 2nd period - Shot Misses the Net.
12:59 of 2nd period - Shot by Dan Fritsche.
12:59 of 2nd period - Shot Misses the Net.
13:19 of 2nd period - Shot by Jason Chimera.
13:19 of 2nd period - Stopped by Mike Smith without a rebound.
13:20 of 2nd period - Steve Rucchin wins face-off versus Brett Mclean in Avalanche zone.
13:22 of 2nd period - Minor Penalty to Joni Pitkanen for Interference.
13:23 of 2nd period - Fredrik Modin wins face-off versus Brett Mclean in Avalanche zone.
14:33 of 2nd period - Icing by Brent Burns.
14:34 of 2nd period - Mike Modano wins face-off versus Anze Kopitar in BlueJackets zone.
15:09 of 2nd period - Shot by Teemu Selanne.
15:09 of 2nd period - Shot Blocked by Randy Jones.
15:13 of 2nd period - Shot by Teemu Selanne.
15:13 of 2nd period - Shot Blocked by Keith Ballard.
15:17 of 2nd period - Shot by Vyacheslav Kozlov.
15:17 of 2nd period - Stopped by Mike Smith without a rebound.
15:18 of 2nd period - Alexander Svitov wins face-off versus Brett Mclean in Avalanche zone.
15:19 of 2nd period - Shot by Teemu Selanne.
15:19 of 2nd period - Deflect By Vyacheslav Kozlov.
15:19 of 2nd period - Stopped by Mike Smith without a rebound.
15:20 of 2nd period - Brett Mclean wins face-off versus Vyacheslav Kozlov in Avalanche zone.
15:35 of 2nd period - Shot by Patrick Sharp.
15:35 of 2nd period - Stopped by Niklas Backstrom without a rebound.
15:36 of 2nd period - Mike Modano wins face-off versus Alexander Svitov in BlueJackets zone.
15:41 of 2nd period - Shot by Martin Straka.
15:41 of 2nd period - Stopped by Niklas Backstrom without a rebound.
15:42 of 2nd period - Craig Conroy wins face-off versus Anze Kopitar in BlueJackets zone.
15:59 of 2nd period - Shot by Brandon Bochenski.
15:59 of 2nd period - Shot Blocked by Martin St. Louis.
16:01 of 2nd period - Shot by Craig Conroy.
16:01 of 2nd period - Shot Misses the Net.
16:46 of 2nd period - Icing by Karlis Skrastins.
16:47 of 2nd period - Patrick Sharp wins face-off versus Teemu Selanne in Avalanche zone.
16:47 of 2nd period - Patrick Sharp is hit by Fredrik Modin.
16:53 of 2nd period - Fredrik Modin is hit by Gary Roberts and loses puck.
17:17 of 2nd period - Mark Recchi is hit by Jason Smith and loses puck.
17:19 of 2nd period - Minor Penalty to Jason Smith for Holding Stick.
17:20 of 2nd period - Patrick Sharp wins face-off versus Teemu Selanne in BlueJackets zone.
18:12 of 2nd period - Shot by Keith Ballard.
18:12 of 2nd period - Shot Blocked by Nick Schultz.
18:14 of 2nd period - Shot by Mark Recchi.
18:14 of 2nd period - Shot Blocked by Nick Schultz.
18:44 of 2nd period - Fredrik Modin is hit by Wojtek Wolski and loses puck.
18:51 of 2nd period - Shot by Martin Straka.
18:51 of 2nd period - Stopped by Niklas Backstrom without a rebound.
18:52 of 2nd period - Teemu Selanne wins face-off versus Patrick Sharp in BlueJackets zone.
19:00 of 2nd period - Martin Straka is hit by Alexander Svitov and loses puck.
19:28 of 2nd period - Icing by Keith Ballard.
19:29 of 2nd period - Brett Mclean wins face-off versus Martin St. Louis in Avalanche zone.
19:31 of 2nd period - Icing by Sergei Brylin.
19:32 of 2nd period - Anze Kopitar wins face-off versus Brett Mclean in Avalanche zone.
19:37 of 2nd period - Shot by Erik Christensen.
19:37 of 2nd period - Deflect By Martin St. Louis.
19:37 of 2nd period - Stopped by Mike Smith without a rebound.
19:38 of 2nd period - Patrick Sharp wins face-off versus Steve Rucchin in Avalanche zone.
19:45 of 2nd period - Shot by Patrick Sharp.
19:45 of 2nd period - Shot Misses the Net.
19:53 of 2nd period - Gary Roberts is hit by Fredrik Modin and loses puck.

Period #3

0:01 of 3rd period - Patrick Sharp wins face-off versus Steve Rucchin in neutral zone.
0:01 of 3rd period - Gary Roberts is hit by Mike Grier and loses puck.
0:06 of 3rd period - Shot by Fredrik Modin.
0:06 of 3rd period - Stopped by Mike Smith without a rebound.
0:07 of 3rd period - Brett Mclean wins face-off versus Dan Fritsche in Avalanche zone.
0:42 of 3rd period - Shot by Jason Chimera.
0:42 of 3rd period - Stopped by Mike Smith with a rebound.
0:44 of 3rd period - Shot by Alexander Svitov.
0:44 of 3rd period - Shot Misses the Net.
0:46 of 3rd period - Shot by Dan Fritsche.
0:46 of 3rd period - Shot Misses the Net.
0:48 of 3rd period - Shot by Dan Fritsche.
0:48 of 3rd period - Stopped by Mike Smith with a rebound.
0:50 of 3rd period - Shot by Alexander Svitov.
0:50 of 3rd period - Stopped by Mike Smith without a rebound.
0:51 of 3rd period - Martin St. Louis wins face-off versus Wojtek Wolski in Avalanche zone.
0:53 of 3rd period - Minor Penalty to Randy Jones for Tripping.
0:54 of 3rd period - Anze Kopitar wins face-off versus Brett Mclean in Avalanche zone.
1:01 of 3rd period - Shot by Anze Kopitar.
1:01 of 3rd period - Shot Misses the Net.
1:05 of 3rd period - Shot by Anze Kopitar.
1:05 of 3rd period - Stopped by Mike Smith without a rebound.
1:06 of 3rd period - Brett Mclean wins face-off versus Fredrik Modin in Avalanche zone.
1:06 of 3rd period - Brett Mclean is hit by Anze Kopitar.
1:21 of 3rd period - Shot by Fredrik Modin.
1:21 of 3rd period - Shot Blocked by Kurt Sauer.
1:25 of 3rd period - Shot by Fredrik Modin.
1:25 of 3rd period - Shot Misses the Net.
1:27 of 3rd period - Shot by Brent Burns.
1:27 of 3rd period - Shot Blocked by Kurt Sauer.
1:31 of 3rd period - Shot by Anze Kopitar.
1:31 of 3rd period - Stopped by Mike Smith without a rebound.
1:32 of 3rd period - Alexander Svitov wins face-off versus Brett Mclean in Avalanche zone.
1:49 of 3rd period - Shot by Christian Ehrhoff.
1:49 of 3rd period - Goal by Christian Ehrhoff - BlueJackets : 2 - Avalanche : 1.
1:50 of 3rd period - Steve Rucchin wins face-off versus Mike Modano in neutral zone.
2:11 of 3rd period - Dan Girardi is hit by Martin Straka and loses puck.
2:49 of 3rd period - Martin St. Louis is hit by Karlis Skrastins and loses puck.
3:15 of 3rd period - Shot by Martin Rucinsky.
3:15 of 3rd period - Stopped by Niklas Backstrom without a rebound.
3:16 of 3rd period - Craig Conroy wins face-off versus Alexander Svitov in BlueJackets zone.
3:39 of 3rd period - Shot by Keith Ballard.
3:39 of 3rd period - Stopped by Niklas Backstrom without a rebound.
3:40 of 3rd period - Brett Mclean wins face-off versus Steve Rucchin in BlueJackets zone.
4:59 of 3rd period - Shot by Gary Roberts.
4:59 of 3rd period - Stopped by Niklas Backstrom without a rebound.
5:00 of 3rd period - Anze Kopitar wins face-off versus Mike Modano in BlueJackets zone.
5:42 of 3rd period - Shot by Erik Christensen.
5:42 of 3rd period - Stopped by Mike Smith with a rebound.
6:17 of 3rd period - Shot by Steve Rucchin.
6:17 of 3rd period - Shot Blocked by Kurt Sauer.
6:19 of 3rd period - Shot by Fredrik Modin.
6:19 of 3rd period - Goal by Fredrik Modin - BlueJackets : 3 - Avalanche : 1.
6:20 of 3rd period - Craig Conroy wins face-off versus Alexander Svitov in neutral zone.
6:59 of 3rd period - Off-side.
7:00 of 3rd period - Patrick Sharp wins face-off versus Steve Rucchin in neutral zone.
7:03 of 3rd period - Fredrik Modin is hit by Gary Roberts and loses puck.
8:10 of 3rd period - Shot by Anze Kopitar.
8:10 of 3rd period - Shot Misses the Net.
8:16 of 3rd period - Shot by Anze Kopitar.
8:16 of 3rd period - Stopped by Mike Smith without a rebound.
8:17 of 3rd period - Fredrik Modin wins face-off versus Mike Modano in Avalanche zone.
8:17 of 3rd period - Teemu Selanne is hit by Joni Pitkanen and loses puck.
8:36 of 3rd period - Minor Penalty to Joni Pitkanen for Tripping.
8:37 of 3rd period - Mike Modano wins face-off versus Martin St. Louis in Avalanche zone.
8:37 of 3rd period - Mike Modano is hit by Vyacheslav Kozlov.
8:49 of 3rd period - Icing by Teemu Selanne.
8:50 of 3rd period - Brett Mclean wins face-off versus Martin St. Louis in BlueJackets zone.
9:07 of 3rd period - Icing by Teemu Selanne.
9:08 of 3rd period - Brett Mclean wins face-off versus Martin St. Louis in BlueJackets zone.
9:11 of 3rd period - Shot by Patrick Sharp.
9:11 of 3rd period - Shot Misses the Net.
10:51 of 3rd period - Shot by Gary Roberts.
10:51 of 3rd period - Deflect By Martin Rucinsky.
10:51 of 3rd period - Shot Blocked by Dan Girardi.
10:54 of 3rd period - Icing by Alain Nasreddine.
10:55 of 3rd period - Craig Conroy wins face-off versus Steve Rucchin in BlueJackets zone.
10:58 of 3rd period - Shot by Brandon Bochenski.
10:58 of 3rd period - Stopped by Niklas Backstrom without a rebound.
10:59 of 3rd period - Anze Kopitar wins face-off versus Craig Conroy in BlueJackets zone.
11:11 of 3rd period - Erik Christensen is hit by Keith Ballard and loses puck.
11:19 of 3rd period - Minor Penalty to Randy Jones for Slashing.
11:19 of 3rd period - Minor Penalty to Anze Kopitar for Tripping.
11:20 of 3rd period - Patrick Sharp wins face-off versus Teemu Selanne in Avalanche zone.
11:50 of 3rd period - Shot by Vyacheslav Kozlov.
11:50 of 3rd period - Goal by Vyacheslav Kozlov - BlueJackets : 4 - Avalanche : 1.
11:51 of 3rd period - Vyacheslav Kozlov wins face-off versus Mike Modano in neutral zone.
12:06 of 3rd period - Shot by Martin St. Louis.
12:06 of 3rd period - Stopped by Mike Smith without a rebound.
12:07 of 3rd period - Teemu Selanne wins face-off versus Patrick Sharp in Avalanche zone.
12:43 of 3rd period - Icing by Martin St. Louis.
12:44 of 3rd period - Teemu Selanne wins face-off versus Mike Modano in BlueJackets zone.
12:57 of 3rd period - Shot by Wojtek Wolski.
12:57 of 3rd period - Stopped by Niklas Backstrom with a rebound.
12:59 of 3rd period - Shot by Kevin Klein.
12:59 of 3rd period - Stopped by Niklas Backstrom without a rebound.
13:00 of 3rd period - Mike Modano wins face-off versus Fredrik Modin in BlueJackets zone.
13:37 of 3rd period - Bill Thomas is hit by Steve Rucchin and loses puck.
13:42 of 3rd period - Shot by Fredrik Modin.
13:42 of 3rd period - Stopped by Mike Smith without a rebound.
13:43 of 3rd period - Patrick Sharp wins face-off versus Anze Kopitar in Avalanche zone.
14:47 of 3rd period - Icing by Dan Girardi.
14:48 of 3rd period - Steve Rucchin wins face-off versus Mark Recchi in BlueJackets zone.
14:52 of 3rd period - Icing by Fredrik Modin.
14:53 of 3rd period - Steve Rucchin wins face-off versus Mike Modano in BlueJackets zone.
14:53 of 3rd period - Steve Rucchin is hit by Mike Modano.
15:58 of 3rd period - Teemu Selanne is hit by Brandon Bochenski.
16:37 of 3rd period - Shot by Gary Roberts.
16:37 of 3rd period - Goal by Gary Roberts - BlueJackets : 4 - Avalanche : 2.
16:38 of 3rd period - Erik Christensen wins face-off versus Patrick Sharp in neutral zone.
16:45 of 3rd period - Gary Roberts is hit by Anze Kopitar and loses puck.
17:03 of 3rd period - Shot by Patrick Sharp.
17:03 of 3rd period - Deflect By Gary Roberts.
17:03 of 3rd period - Shot Misses the Net.
18:18 of 3rd period - Mark Recchi is hit by Dan Girardi and loses puck.
18:46 of 3rd period - Martin Straka is hit by Jason Smith and loses puck.
19:12 of 3rd period - Craig Conroy is hit by Alexander Svitov and loses puck.
19:23 of 3rd period - Shot by Brandon Bochenski.
19:23 of 3rd period - Stopped by Niklas Backstrom without a rebound.
19:24 of 3rd period - Anze Kopitar wins face-off versus Brett Mclean in BlueJackets zone.
19:34 of 3rd period - Minor Penalty to Erik Christensen for Holding Stick.
19:35 of 3rd period - Martin St. Louis wins face-off versus Mark Recchi in Avalanche zone.
19:54 of 3rd period - Shot by Mark Recchi.
19:54 of 3rd period - Stopped by Niklas Backstrom with a rebound.


Output by the SimonT Hockey Simulator (STHS) for Stephane Roy -- Original Page W3C XHTML 1.0 Valid